Map: Blackpink LE

Players

LiquidTLO (TLO) - Winner!

  • Race: Zerg Zerg
  • Spawn Location: 7:00

souL

  • Race: Terran Terran
  • Spawn Location: 1:00

Event: WCS Leipzig 2018

VOD

Have the link to the VOD?

Description

Time

  • Played on: Jan. 26, 2018, 10:37 a.m.
  • Length: 8:25

All games in this series

Show
View Real Time Build Order
Export as new Build Order

LiquidTLO Zerg - Winner!

Build Orders: Hatch First 

Get SALT Encoding   

  12  0:00  Drone  
  13  0:13  Overlord  
  13  0:17  Drone  
  14  0:32  Drone x2  
  16  0:37  Drone  
  17  0:52  Hatchery  
  17  0:55  Drone  
  17  0:58  Drone  
  18  1:04  Extractor  
  17  1:13  Spawning Pool  
  17  1:16  Drone  
  17  1:20  Drone  
  18  1:29  Drone  
  19  1:39  Overlord  
  19  1:51  Drone  
  20  2:01  Queen  
  20  2:04  Drone, Queen  
  20  2:05  Drone  
  20  2:07  Metabolic Boost  
  26  2:14  Zergling x2  
  27  2:16  Drone  
  28  2:26  Drone  
  28  2:28  Drone  
  30  2:36  Hatchery  
  29  2:40  Drone  
  29  2:44  Queen  
  29  2:50  Overlord  
  31  2:52  Drone  
  31  2:54  Zergling x2  
  31  2:56  Zergling x2  
  34  3:07  Zergling x2  
  34  3:08  Zergling x2  
  34  3:11  Zergling x8  
  40  3:16  Zergling x6  
  43  3:24  Overlord  
  43  3:31  Overlord  
  43  3:37  Drone, Overlord  
  44  3:41  Overlord, Queen  
  44  3:43  Drone x2  
  47  3:49  Drone  
  47  3:51  Drone  
  47  3:53  Drone x2  
  51  3:56  Drone  
  51  3:57  Drone  
  51  4:01  Drone  
  53  4:03  Drone x2  
  53  4:04  Drone  
  54  4:10  Drone  
  54  4:12  Drone  
  54  4:14  Drone  
  53  4:19  Queen  
  53  4:22  Drone  
  53  4:23  Drone  
  57  4:27  Spore Crawler x2  
  57  4:28  Spore Crawler  
  57  4:30  Drone  
  55  4:31  Drone  
  55  4:33  Drone  
  55  4:35  Drone, Spore Crawler  
  55  4:37  Drone  
  55  4:38  Drone  
  59  4:40  Drone  
  59  4:41  Zergling x2  
  59  4:43  Drone  
  59  4:45  Drone  
  63  4:46  Drone  
  63  4:48  Drone  
  63  4:49  Drone  
  63  4:52  Extractor  
  65  4:53  Drone  
  65  4:59  Drone  
  67  5:00  Drone  
  67  5:02  Extractor  
  67  5:03  Extractor, Roach Warren  
  67  5:04  Drone  
  67  5:05  Drone  
  67  5:07  Evolution Chamber  
  67  5:08  Drone x2  
  67  5:09  Drone  
  67  5:10  Drone, Spore Crawler  
  67  5:11  Drone  
  67  5:12  Drone  
  71  5:14  Drone  
  71  5:16  Drone  
  71  5:18  Lair  
  73  5:22  Drone  
  73  5:25  Drone  
  73  5:26  Drone  
  76  5:29  Drone x2  
  76  5:32  Drone x2  
  76  5:34  Zergling x4, Extractor  
  81  5:36  Extractor  
  81  5:37  Overlord  
  81  5:38  Overlord  
  81  5:41  Overlord  
  80  5:43  Zergling x2  
  80  5:45  Drone  
  80  5:46  Drone  
  80  5:48  Drone  
  80  5:50  Drone  
  77  5:57  Drone  
  77  5:58  Drone  
  77  5:59  Drone  
  77  6:04  Zerg Ground Armor Level 1  
  77  6:08  Roach x2, Evolution Chamber  
  77  6:09  Roach  
  82  6:12  Roach  
  82  6:16  Glial Reconstitution  
  82  6:18  Roach x2  
  88  6:19  Roach  
  88  6:23  Roach, Overseer  
  88  6:25  Roach  
  94  6:26  Hatchery  
  94  6:27  Overlord  
  94  6:29  Overlord  
  93  6:34  Overlord  
  93  6:35  Overlord  
  93  6:38  Overlord  
  93  6:39  Overlord  
  91  6:43  Overlord  
  91  6:45  Overlord  
  91  6:47  Roach  
  91  6:52  Roach  
  91  6:56  Roach x2  
  91  6:57  Roach  
  91  6:58  Roach  
  97  7:01  Infestation Pit  
  97  7:03  Roach x2  
  97  7:05  Roach  
  97  7:06  Roach  
  103  7:11  Ravager x2  
  103  7:12  Ravager x4  
  103  7:14  Drone x2  
  111  7:16  Roach  
  113  7:26  Roach x3  
  113  7:27  Roach  
  113  7:28  Ravager  
  113  7:29  Roach x2  
  126  7:30  Roach  
  126  7:31  Roach  
  126  7:33  Roach  
  132  7:37  Roach x2  
  132  7:38  Roach  
  132  7:41  Roach  
  132  7:43  Roach x2  
  141  7:46  Roach  
  141  7:48  Roach  
  140  7:52  Overlord  
  140  7:59  Roach  
  140  8:00  Roach  
  140  8:02  Roach  
Show
View Real Time Build Order
Export as new Build Order

souL Terran 

Build Orders: Liberator Opening, Reaper Expand, Mech 

Get SALT Encoding   

  12  0:00  SCV  
  13  0:12  SCV  
  14  0:17  Supply Depot  
  14  0:25  SCV  
  15  0:38  SCV  
  15  0:40  Barracks  
  16  0:44  Refinery  
  16  0:50  SCV  
  17  1:03  SCV  
  18  1:15  SCV  
  19  1:27  Orbital Command  
  19  1:28  Reaper  
  20  1:40  Command Center  
  20  1:47  Supply Depot  
  20  1:53  SCV  
  21  2:00  Marine  
  22  2:05  SCV  
  22  2:07  Factory  
  23  2:14  Refinery  
  23  2:18  SCV  
  23  2:22  Barracks Reactor  
  24  2:30  SCV  
  25  2:42  SCV  
  26  2:51  Starport  
  26  2:53  Orbital Command  
  26  2:54  SCV  
  27  3:02  Hellion x2  
  31  3:06  SCV  
  32  3:13  Barracks Tech Lab  
  32  3:18  SCV  
  32  3:19  SCV  
  34  3:23  Hellion x2  
  38  3:28  Viking  
  38  3:30  SCV  
  38  3:31  SCV  
  42  3:38  Supply Depot  
  41  3:42  SCV  
  41  3:43  SCV  
  41  3:45  Hellion  
  45  3:53  Liberator  
  45  3:55  SCV  
  46  4:00  SCV, Hellion  
  48  4:06  Hellion  
  48  4:07  SCV  
  52  4:21  SCV x2  
  54  4:34  Armory  
  54  4:35  Supply Depot  
  54  4:36  Supply Depot  
  54  4:54  Supply Depot  
  54  4:56  SCV x2  
  54  4:57  Hellion x2  
  54  4:59  Command Center  
  60  5:05  Refinery  
  60  5:06  Refinery  
  60  5:09  SCV x2  
  62  5:21  SCV x2  
  64  5:25  Medivac, Thor  
  72  5:32  Barracks Tech Lab, Factory  
  72  5:33  SCV x2  
  72  5:34  Factory  
  74  5:45  SCV x2  
  74  5:51  Infernal Pre-Igniter  
  74  5:56  Terran Vehicle Weapons Level 1  
  74  5:57  SCV x2  
  71  6:04  Starport Reactor  
  71  6:09  SCV x2, Armory  
  73  6:13  Orbital Command  
  71  6:19  Hellion x3  
  71  6:21  SCV x2  
  79  6:27  Supply Depot x2  
  79  6:28  Factory  
  79  6:29  Factory  
  79  6:33  SCV x2  
  79  6:35  Hellion  
  79  6:38  Orbital Command  
  82  6:43  Hellion, Siege Tank  
  82  6:45  SCV x2  
  82  6:46  Hellion  
  88  6:56  Siege Tank  
  88  6:57  SCV x2  
  83  7:04  Hellion  
  83  7:07  SCV  
  83  7:08  Hellion  
  88  7:10  SCV x2  
  88  7:12  Factory Tech Lab  
  88  7:13  Factory Reactor  
  90  7:16  Refinery  
  90  7:17  Refinery  
  90  7:19  SCV  
  90  7:20  Engineering Bay  
  90  7:21  Hellion  
  90  7:22  SCV  
  94  7:28  Siege Tank  
  93  7:30  SCV  
  93  7:31  Supply Depot x2  
  93  7:32  Hellion  
  99  7:37  SCV, Siege Tank  
  99  7:43  Hellion  
  100  7:51  Hellion  
  92  7:54  Hellion  
  92  7:58  Hellion  
  92  8:01  Hellion  
Tags
 
Add a new tag
Caveats
  • Supply blocks, unpowered buildings, or Contaminate may cause inaccurate times.
  • Supply counts are checked every 10 seconds.